 Dungeon Crawl Stone Soup version 0.31-a0-486-g8d68a81214 (webtiles) character file.

Game seed: 14221231343991721284

1228 MisterAzrael the Changeling (level 8, -2/72 (88) HPs)
             Began as a Pale Draconian Shapeshifter on Aug 7, 2023.
             Slain by a quokka (4 damage)
             ... on level 6 of the Dungeon.
             The game lasted 00:05:59 (5274 turns).

MisterAzrael the Changeling (DrSh)                  Turns: 5274, Time: 00:06:00

HP:   -2/72 (88)    AC: 24    Str: 19    XL:     8   Next: 23%
MP:   8/8           EV:  2    Int: 12    God:
Gold: 218           SH:  0    Dex: 11    Spells: 7/7 levels left

rFire   . .          .
                       - Unarmed
rCold   . . .        (no shield)
rNeg    . . .        (body armour unavailable)
rPois   +            (helmet currently unavailable)
rElec   .            (cloak currently unavailable)
rCorr   .            (gloves currently unavailable)
SInv    .            (boots currently unavailable)
Will    .....        j - amulet of the acrobat
Stlth   +            (no ring)
HPRegen 0.32/turn    (no ring)
MPRegen 0.11/turn

%: acrobat
@: short of breath, tree-form, heavily drained
A: stationary, stasis, torment immunity, boosted hp, (breathe steam), AC +6,
unfitting armour, (cold-blooded), (steam resistance), clever 1
a: no special abilities


You were on level 6 of the Dungeon.
You were a tree.
You visited 1 branch of the dungeon, and saw 6 of its levels.

You collected 218 gold pieces.

Inventory:

Jewellery
 j - an amulet of the acrobat (around neck)
Talismans
 b - a beast talisman
Wands
 o - a wand of quicksilver (10)
 v - a wand of mindburst (6)
Scrolls
 d - 2 scrolls of teleportation {unknown}
 e - 8 scrolls of identify {unknown}
 f - 4 scrolls of noise {unknown}
 g - 2 scrolls of fog {unknown}
 i - 2 scrolls of immolation {unknown}
 l - 4 scrolls of revelation {unknown}
 m - a scroll of poison {unknown}
 r - a scroll of brand weapon {unknown}
 t - 3 scrolls of amnesia {unknown}
 u - a scroll of enchant weapon {unknown}
 x - a scroll of blinking {unknown}
Potions
 a - a potion of lignification
 c - a potion of brilliance {unknown}
 h - a potion of degeneration {unknown}
 k - a potion of curing
 n - a potion of resistance {unknown}
 p - a potion of haste {unknown}
 q - 2 potions of might {unknown}
 s - a potion of heal wounds {unknown}
 w - a potion of enlightenment {unknown}


   Skills:
 - Level 1.1 Fighting
 - Level 1.7 Dodging
 + Level 6.5 Unarmed Combat
 * Level 7.4 Shapeshifting


You had 7 spell levels left.
You didn't know any spells.
Your spell library contained the following spells:

 Spells                   Type           Power      Damage    Failure   Level
 Ensorcelled Hibernation  Hex/Ice        0%         N/A       45%         2
 Hailstorm                Conj/Ice       0%         3d3       69%         3
 Anguish                  Hex/Necr       0%         N/A       97%         4
 Summon Ice Beast         Ice/Summ       0%         N/A       97%         4
 Simulacrum               Ice/Necr       0%         N/A       100%        6


Dungeon Overview and Level Annotations

Branches:
Dungeon (6/15)
 Temple: D:4-7

Altars:
Dithmenos
Fedhas
Kikubaaqudgha
Ru
Sif Muna
Vehumet
Wu Jian
Xom
Yredelemnul


Innate Abilities, Weirdness & Mutations

You are a tree.
Your roots penetrate the ground, keeping you stationary.
You cannot be teleported.
You are immune to unholy pain and torment.
Your maximum health is greatly increased.
Your equipment is partially melded.
((You can breathe blasts of scalding, opaque steam.))
((Your pale cyan-grey scales are hard. (AC +6)))
You cannot fit into any form of body armour.
((You are cold-blooded and may be slowed by cold attacks.))
((You are immune to the effects of steam.))
Your mind is acute. (Int +4, Str/Dex -1)


Message History

You hit the orc warrior but do no damage.
The orc warrior is heavily wounded.
The orc warrior hits you with a +1 short sword of draining.
* * * LOW HITPOINT WARNING * * *
You feel drained.
* * * LOW HITPOINT WARNING * * *
A quokka comes into view.
The orc warrior closely misses you.
Things that are here:
a +0 giant club; an ogre corpse; a rat corpse Your transformation has ended.
You turn into a tree.
Your roots penetrate the ground.
The quokka bites you but does no damage.
The orc warrior hits you but does no damage.
You feel drained.
You hit the orc warrior.
The orc warrior is severely wounded.
The quokka bites you but does no damage.
You closely miss the orc warrior.
The orc warrior is severely wounded.
The orc warrior hits you but does no damage.
You feel drained.
The quokka bites you but does no damage.
You barely miss the orc warrior.
The orc warrior is severely wounded.
The orc warrior hits you with a +1 short sword of draining.
* * * LOW HITPOINT WARNING * * *
You feel drained.
The quokka bites you but does no damage.
You hit the orc warrior.
The orc warrior is severely wounded.
The quokka bites you but does no damage.
The orc warrior hits you with a +1 short sword of draining!
* * * LOW HITPOINT WARNING * * *
You feel drained.
* * * LOW HITPOINT WARNING * * *
You smack the orc warrior!
You kill the orc warrior!
The quokka bites you.
You die...

#####
######.#######
##.## ##.#.#
#.#.## ##.##
#.## ## ##
#.####.
#..##†)#.
#.##♣#r#
#.#r#.# #..r.#
#...#.#
#.#..##r#
..#.##. .#
#.#### .# . #
#. . .. r.


You could see a river rat, a quokka and a rat.

Vanquished Creatures
  A water moccasin (D:6)
  An ice beast (D:5)
  An orc warrior (D:6)
  An ogre (D:6)
  A phantom (D:5)
  5 scorpions
  A howler monkey (D:6)
  2 orc priests
  2 hounds
  2 iguanas
  3 orc wizards (D:6)
  Ijyb (D:3)
  4 gnolls (D:4)
  7 adders
  3 river rats (D:6)
  3 ufetubi
  2 worms
  4 dart slugs
  8 orcs
  9 bats
  5 endoplasms
  5 giant cockroaches
  7 goblins
  8 hobgoblins
  5 jackals
  7 quokkas
  12 ball pythons
  2 frilled lizards (D:1)
  8 kobolds
  17 rats
137 creatures vanquished.

Notes
Turn   | Place    | Note
-------+----------+-------------------------------------------
     0 | D:1      | MisterAzrael the Draconian Shapeshifter began the quest for
                  | the Orb.
     0 | D:1      | Reached XP level 1. HP: 16/16 MP: 1/1
   147 | D:1      | Reached XP level 2. HP: 23/23 MP: 2/2
   351 | D:1      | Reached XP level 3. HP: 18/28 MP: 3/3
   403 | D:1      | Found a faded altar of an unknown god.
  1009 | D:2      | Reached skill level 4 in Shapeshifting
  1021 | D:2      | Reached XP level 4. HP: 24/35 MP: 4/4
  1857 | D:3      | Noticed Ijyb
  1866 | D:3      | Gained mutation: You are dopey. (Int -2) [potion of
                  | mutation]
  1869 | D:3      | Killed Ijyb
  1990 | D:3      | Lost mutation: You are dopey. (Int -2) [potion of mutation]
  1990 | D:3      | Gained mutation: Your magical capacity is low. (-10% MP)
                  | [potion of mutation]
  1990 | D:3      | Lost mutation: Your magical capacity is low. (-10% MP)
                  | [potion of mutation]
  1990 | D:3      | Gained mutation: Your mind is acute. (Int +4, Str/Dex -1)
                  | [potion of mutation]
  2185 | D:3      | Found a shadowy altar of Dithmenos.
  2185 | D:3      | Found a basalt altar of Yredelemnul.
  2187 | D:3      | Found a radiant altar of Vehumet.
  2187 | D:3      | Found an ornate altar of the Wu Jian Council.
  2187 | D:3      | Found a sacrificial altar of Ru.
  2187 | D:3      | Found a blossoming altar of Fedhas.
  2187 | D:3      | Found a shimmering altar of Xom.
  2188 | D:3      | Found an ancient bone altar of Kikubaaqudgha.
  2272 | D:3      | Reached XP level 5. HP: 40/40 MP: 5/5
  3138 | D:4      | Reached skill level 5 in Shapeshifting
  3152 | D:4      | Reached XP level 6. HP: 29/47 MP: 6/6
  3443 | D:4      | Found a shimmering blue altar of Sif Muna.
  3837 | D:5      | Entered Level 5 of the Dungeon
  3888 | D:5      | Reached skill level 5 in Unarmed Combat
  3943 | D:5      | Noticed an ice beast
  3956 | D:5      | Killed an ice beast
  3957 | D:5      | Your scales start taking on a pale cyan-grey colour.
  3957 | D:5      | Reached XP level 7. HP: 14/52 MP: 7/7
  3957 | D:5      | Gained mutation: You are immune to the effects of steam.
                  | [Pale Draconian growth]
  4093 | D:5      | Reached skill level 6 in Shapeshifting
  4811 | D:6      | Reached skill level 7 in Shapeshifting
  4811 | D:6      | Reached XP level 8. HP: 57/59 MP: 8/8
  5273 | D:6      | HP: 2/72 [orc warrior/+1 short sword of draining (5)]
  5274 | D:6      | Slain by a quokka

Illustrated notes

Levels and vault maps discovered:
D:1:      dpeg_arrival_arbitrary_a, layout_basic,
          shapermc_ecumenical_altar_flowoftime, hangedman_decor_growths,
          st_stairs_4, minivault_19
D:2:      layout_loops_ring, nicolae_elevator_lobby_plus
D:3:      layout_basic, grunt_temple_overflow_open, bh_walls_and_bars, uniq_ijyb
D:4:      layout_cave_pools, led_sif_book, serial_forest,
          infiniplex_forest_fountain, infiniplex_forest_clump_small,
          infiniplex_forest_clump_medium, infiniplex_forest_lined_room_,
          infiniplex_forest_clump_double, infiniplex_forest_pool,
          nicolae_the_louvre
D:5:      layout_cave_pools
D:6:      lemuel_ratsnest, layout_basic

Skill      XL: |  1  2  3  4  5  6  7 |
---------------+----------------------+-----
Shapeshifting  | 4 5 7 |  7.4
Unarmed Combat | 4 5 6 |  6.5
Fighting       | |  1.1
Dodging        | |  1.7

Action                     |  1- 3 |  4- 6 |  7- 9 || total
---------------------------+-------+-------+-------++-------
  Melee: Unarmed           |   110 |   166 |    93 ||   369
         Tailslap          |    13 |    17 |    12 ||    42
         Punch             |     2 |     4 |     5 ||    11
Ability: Breathe Steam     |       |       |     9 ||     9
    Use: Potion            |       |     5 |     1 ||     6
   Stab: Sleeping          |       |     1 |       ||     1
 Armour: Skin              |    39 |    45 |    34 ||   118
  Dodge: Dodged            |    78 |   122 |    68 ||   268

Table legend: (Time is in decaauts)
 A = Elapsed time spent in this place.
 B = Non-inter-level travel time spent in this place.
 C = Inter-level travel time spent in this place.
 D = Time resting spent in this place.
 E = Time spent auto-exploring this place.
 F = Levels seen in this place.
 G = Mean time per level.
                   A        B        C        D        E       F      G
               +--------+--------+--------+--------+--------+-----+--------+
         Total |   5247 |   5095 |    152 |    821 |   3429 |   6 |  874.5 |
       Dungeon |   5247 |   5095 |    152 |    821 |   3429 |   6 |  874.5 |
               +--------+--------+--------+--------+--------+-----+--------+

Top non-repeatable levels by time:
     D:3: 1315 daAuts
     D:1: 921 daAuts
     D:2: 849 daAuts
     D:5: 763 daAuts
     D:4: 736 daAuts
     D:6: 662 daAuts
